 Dungeon Crawl Stone Soup version 0.21-a0-38-g95c5c02 (webtiles) character file.

305 blackwizard the Ducker (level 6, -3/55 HPs)
             Began as a Troll Air Elementalist on May 29, 2017.
             Killed from afar by a white imp (7 damage)
             ... with a puff of frost
             ... summoned by Natasha
             ... on level 4 of the Dungeon.
             The game lasted 00:14:14 (2797 turns).

blackwizard the Ducker (Troll Air Elementalist)     Turns: 2797, Time: 00:14:14

Health: -3/55      AC:  5    Str: 19    XL:     6   Next: 15%
Magic:  6/7        EV: 10    Int: 11    God:
Gold:   106        SH:  0    Dex: 10    Spells: 7/8 levels left

rFire    . . .     SeeInvis .   x - +0 quarterstaff
rCold    . . .     Gourm    +   (shield currently unavailable)
rNeg     . . .     Faith    .   a - +0 robe
rPois    .         Spirit   .   (helmet restricted)
rElec    .         Reflect  .   (no cloak)
rCorr    .         Harm     .   (gloves unavailable)
MR       .....                  (boots unavailable)
Stlth    +.........             (no amulet)
Regen    0.6/turn               (no ring)
MPRegen  0.1/turn               (no ring)

@: slowed, very slow
A: unfitting armour, claws 3, fast metabolism 3, gourmand, regeneration 1,
shaggy fur 1, tough skin 2
a: no special abilities


You were on level 4 of the Dungeon.
You were near starving.

You visited 1 branch of the dungeon, and saw 4 of its levels.

You collected 106 gold pieces.

Inventory:

Hand Weapons
 h - a +0 short sword
 s - a +0 whip
 t - a +0 spear
 x - a +0 quarterstaff (weapon)
 y - a +0 mace
 D - a +0 morningstar
Missiles
 f - 59 stones (quivered)
 k - 29 bolts
 q - 19 arrows
 A - a throwing net
Armour
 a - a +0 robe (worn)
 m - a +0 robe
Scrolls
 c - a scroll of enchant armour {unknown}
 e - 5 scrolls of teleportation {unknown}
 i - a scroll of fog {unknown}
 n - 6 scrolls of identify {unknown}
 o - 2 scrolls of immolation {unknown}
 p - a scroll of blinking {unknown}
 u - a scroll of recharging {unknown}
 z - a scroll of amnesia {unknown}
 C - 3 scrolls of remove curse {unknown}
 E - a scroll of magic mapping {unknown}
Potions
 g - 2 potions of heal wounds {unknown}
 j - a potion of curing {unknown}
 l - a potion of agility
 r - a potion of flight {unknown}
Books
 b - a book of Air

   Spells                             Type                      Level
   a - Shock                          Conjuration/Air              1
   b - Swiftness                      Charms/Air                   2
   c - Static Discharge               Conjuration/Air              3
   d - Airstrike                      Air                          4
   e - Lightning Bolt                 Conjuration/Air              5
Comestibles
 d - 2 fruits
 w - 2 royal jellies
 B - 2 meat rations


   Skills:
 + Level 1.5 Fighting
 + Level 0.1 Short Blades
 + Level 0.2(1.1) Polearms
 + Level 1.8(1.9) Staves
 + Level 2.9 Dodging
 + Level 1.2 Stealth
 + Level 0.4 Unarmed Combat
 + Level 1.9 Spellcasting
 + Level 1.5 Conjurations
 + Level 2.4 Air Magic


You had 7 spell levels left.
You knew the following spells:

 Your Spells              Type           Power        Failure   Level  Hunger
a - Shock                 Conj/Air       #...         13%         1    ##.....


Dungeon Overview and Level Annotations

Branches:
Dungeon (4/15)
 Temple: D:4-7

Altars:

Annotations:
D:4 Natasha


Innate Abilities, Weirdness & Mutations

You are too large for most types of armour.
You have claws for hands.
Your metabolism is lightning-fast.
You like to eat raw meat.
Your natural rate of healing is unusually fast.
You are covered in fur. (AC +1)
You have very tough skin. (AC +2)


Message History

* * * LOW HITPOINT WARNING * * *
Casting: Shock
Confirm with . or Enter, or press ? or * to list all spells.
Aiming: Shock
Press: ? - help, Shift-Dir - straight line The zap hits Natasha.
Natasha appears unharmed.
Natasha is moderately wounded.
The zap misses Natasha.
The white imp hits you.
* * * LOW HITPOINT WARNING * * *
The white imp freezes you.
* * * LOW HITPOINT WARNING * * *
Natasha casts a spell at you.
You feel as though you will be slow longer.
The white imp barely misses you. The iron imp barely misses you.
Unknown command.
The white imp disappears in a puff of smoke!
The iron imp barely misses you. The white imp barely misses you.
The white imp gestures at you. The puff of frost hits you!
You die...

#.<....................#.....#...
#......########...##...#.....#...
##########..###...##...#.....#...
...... ...........#...#.....'...
...... ...........'...'.....#...
...... ...........#...#.....#...
####### #...####..######.....#...
##....##########'#### .....######
...............#@h..#......#
...............'55..#......#
..)............#....#......#
...............#....#......#
..........>....#....#......#
...............#....#......#
###+####..##..###'###......# #
#..###+##....)....# ......
#.........#


You could see an iron imp, Natasha and a white imp.

Vanquished Creatures
  An ogre (D:4)
  A hound (D:4)
  An orc wizard (D:3)
  An orc priest (D:3)
  6 adders
  An ooze (D:1)
  A worm (D:2)
  2 dart slugs (D:3)
  2 leopard geckos
  4 orcs
  2 giant cockroaches
  5 hobgoblins
  9 kobolds
  2 quokkas (D:4)
  6 bats
  3 frilled lizards
  6 goblins
  A jackal skeleton (D:4)
  10 rats
64 creatures vanquished.

Notes
Turn   | Place    | Note
-------+----------+-------------------------------------------
     0 | D:1      | blackwizard the Troll Air Elementalist began the quest for the Orb.
     0 | D:1      | Reached XP level 1. HP: 16/16 MP: 1/1
   146 | D:1      | Reached XP level 2. HP: 24/24 MP: 3/3
   612 | D:1      | Paralysed by fainting for 6 turns
  1224 | D:2      | Reached XP level 3. HP: 30/32 MP: 0/4
  1617 | D:2      | Paralysed by fainting for 10 turns
  1633 | D:2      | Paralysed by fainting for 7 turns
  1821 | D:3      | Reached XP level 4. HP: 34/40 MP: 5/5
  2060 | D:3      | Reached skill level 1 in Fighting
  2246 | D:3      | Reached skill level 1 in Staves
  2335 | D:3      | Reached XP level 5. HP: 43/48 MP: 1/6
  2350 | D:3      | Reached skill level 1 in Conjurations
  2606 | D:4      | Noticed an ogre
  2626 | D:4      | Killed an ogre
  2626 | D:4      | Reached XP level 6. HP: 35/55 MP: 3/7
  2781 | D:4      | Noticed Natasha
  2795 | D:4      | HP: 2/55 [white imp[Natasha] (4)]
  2797 | D:4      | Killed from afar by a white imp

Vault maps used:
D:1:      dpeg_arrival_orchard
D:2:      minmay_misc_feat_five
D:3:      first_bread, grunt_decor_arrowhead
D:4:      led_sif_book, uniq_natasha

Skill      XL: |  1  2  3  4  5 |
---------------+----------------+-----
Dodging        | 2 |  2.9
Fighting       | 1 |  1.5
Staves         | 1 |  1.8
Conjurations   | 1 |  1.5
Short Blades   | |  0.1
Polearms       | |  0.2
Stealth        | |  1.2
Unarmed Combat | |  0.4
Spellcasting   | |  1.9
Air Magic      | |  2.4

Action                   |  1- 3 |  4- 6 || total
-------------------------+-------+-------++-------
Melee: Short sword       |    71 |       ||    71
       Unarmed           |     8 |       ||     8
       Spear             |    20 |       ||    20
       Quarterstaff      |    57 |    99 ||   156
 Cast: Shock             |     7 |    22 ||    29
  Eat: Bread ration      |     3 |     1 ||     4
       Chunk             |     1 |     4 ||     5
Armor: Robe              |   155 |    46 ||   201
Dodge: Dodged            |   177 |    75 ||   252
